Map: Pride of Altaris LE

Players

Darkshooter - Winner!

  • Race: Terran Terran
  • League: Gold

Trout

  • Race: Terran Terran
  • League: Gold

VOD

Have the link to the VOD?

Description

Time

  • Played on: Feb. 10, 2022, 10:55 p.m.
  • Length: 30:49
Show
View Real Time Build Order
Export as new Build Order

Darkshooter Terran - Winner!

Build Orders: Reaper Expand 

Get SALT Encoding   

  12  0:00  SCV  
  13  0:17  Supply Depot  
  13  0:18  SCV  
  14  0:30  SCV  
  15  0:40  Barracks  
  15  0:43  SCV  
  15  0:48  Refinery  
  16  0:55  SCV  
  17  1:07  SCV  
  18  1:11  Supply Depot  
  18  1:28  Orbital Command  
  18  1:34  Reaper  
  19  2:05  Refinery  
  19  2:08  Command Center  
  19  2:11  Marine  
  20  2:18  SCV  
  21  2:24  Factory  
  21  2:30  SCV  
  21  2:31  Marine  
  23  2:51  SCV  
  24  2:59  Marine  
  24  3:03  SCV  
  26  3:10  Factory Tech Lab  
  25  3:14  Bunker  
  25  3:15  SCV  
  25  3:27  SCV  
  25  3:30  Marine  
  25  3:31  Siege Tank  
  25  3:32  Orbital Command  
  30  3:37  Supply Depot  
  30  3:39  SCV  
  31  3:51  SCV  
  31  3:54  Barracks Tech Lab  
  32  3:55  Orbital Command  
  32  3:58  Engineering Bay  
  32  4:07  Barracks  
  32  4:13  Combat Shield  
  32  4:16  SCV  
  33  4:20  Supply Depot  
  33  4:23  Siege Tank  
  36  4:28  SCV  
  36  4:29  Terran Infantry Weapons Level 1  
  36  4:30  Missile Turret  
  37  4:36  SCV  
  38  4:48  SCV  
  38  4:49  Marauder  
  38  4:51  SCV  
  42  4:55  Barracks Reactor  
  42  5:01  Siege Tank  
  42  5:03  SCV  
  42  5:05  SCV  
  47  5:13  Marine  
  48  5:15  SCV  
  48  5:17  SCV  
  50  5:26  Supply Depot  
  50  5:27  SCV  
  51  5:29  SCV  
  51  5:32  Marine x2  
  51  5:33  Siege Tank, Marauder  
  59  5:36  Stimpack  
  59  5:39  SCV  
  60  5:46  Starport  
  60  5:51  SCV, Command Center, Marine x2  
  60  5:54  Marauder  
  65  6:05  Siege Tank  
  65  6:10  Marine x2  
  70  6:18  Supply Depot  
  70  6:24  Refinery  
  70  6:31  Starport Reactor  
  70  6:40  SCV  
  70  6:41  Siege Tank, Supply Depot  
  70  6:42  Marine x3  
  77  6:52  SCV  
  61  7:03  Marine x2, Marauder  
  61  7:04  SCV  
  66  7:10  SCV  
  66  7:15  Medivac x2  
  69  7:16  SCV  
  69  7:18  Command Center  
  69  7:22  Barracks, SCV  
  73  7:25  Barracks, Supply Depot  
  73  7:26  Marine x3  
  73  7:28  SCV  
  77  7:45  Siege Tank, Marine x2  
  77  7:46  Marauder  
  77  7:47  Medivac  
  79  8:17  Barracks Reactor  
  79  8:18  Refinery  
  79  8:23  Barracks Reactor, Marine x2  
  79  8:26  Marauder  
  83  8:29  SCV  
  84  8:37  Siege Tank  
  84  8:41  SCV, Marine x2  
  90  8:52  Factory  
  90  8:54  Marine  
  90  8:55  Marine  
  92  8:56  Marine  
  92  8:59  Marine x2  
  95  9:11  Planetary Fortress  
  95  9:15  Marine x2  
  95  9:16  Marine x2  
  95  9:17  Marine x2, Marauder  
  93  9:34  Marine  
  93  9:35  Marine  
  92  9:49  Viking x2  
  92  9:50  Factory Reactor  
  93  9:54  Marine  
  93  9:55  Marine x6  
  92  10:12  Marine x2  
  94  10:14  SCV  
  94  10:17  Hi-Sec Auto Tracking  
  95  10:23  Siege Tank  
  95  10:27  SCV  
  99  10:29  SCV  
  100  10:39  SCV  
  100  10:41  SCV  
  102  10:48  Widow Mine x2  
  106  10:51  SCV  
  106  10:52  Marauder  
  109  11:01  Armory  
  109  11:03  Engineering Bay  
  109  11:07  Supply Depot  
  109  11:25  Supply Depot  
  109  11:27  Marine  
  109  11:28  Widow Mine, Marine x4  
  109  11:29  Widow Mine, Siege Tank, SCV, Marine  
  109  11:31  Supply Depot  
  109  11:46  Supply Depot  
  106  11:52  SCV  
  106  11:53  Supply Depot  
  106  12:04  SCV  
  104  12:08  Supply Depot  
  97  12:16  SCV  
  97  12:17  Supply Depot  
  98  12:23  Marine  
  98  12:24  Marine x6  
  98  12:26  SCV  
  98  12:28  SCV  
  107  12:31  Supply Depot  
  107  12:38  SCV  
  107  12:41  Marine x3  
  107  12:42  SCV, Marine x4  
  116  12:50  SCV  
  111  12:54  SCV  
  95  12:59  Marine x7  
  95  13:02  SCV  
  105  13:06  Widow Mine x2, Siege Tank, SCV  
  111  13:15  SCV  
  111  13:17  Marine x7  
  111  13:18  SCV  
  117  13:28  Widow Mine x2  
  117  13:30  SCV  
  117  13:32  SCV  
  123  13:35  Marine  
  123  13:38  Siege Tank  
  123  13:40  Medivac x2  
  128  13:42  SCV, Terran Infantry Weapons Level 2  
  128  13:43  Terran Infantry Armor Level 1  
  128  13:44  SCV, Command Center  
  128  13:45  Terran Ship Weapons Level 1  
  126  13:51  Refinery  
  126  13:53  Refinery  
  126  13:54  SCV  
  126  13:56  SCV  
  126  13:57  Marine  
  126  13:58  Marine x2  
  126  14:00  Marine x2  
  126  14:01  Marine  
  127  14:06  SCV  
  128  14:15  Marine  
  128  14:16  Marine x2  
  131  14:17  Marine, Starport  
  131  14:18  Marine  
  127  14:34  Marine x2  
  127  14:35  Marine x2  
  131  14:52  Marine x2  
  133  14:53  Marine x2  
  135  15:03  Missile Turret  
  135  15:21  Siege Tank  
  138  15:35  Planetary Fortress  
  134  15:38  Refinery  
  134  15:39  Refinery  
  134  15:41  Terran Ship Weapons Level 2  
  134  15:43  Terran Infantry Armor Level 2  
  134  15:56  Marine x4  
  134  15:57  Marine x2  
  138  15:59  Starport Tech Lab  
  115  17:26  Fusion Core  
  115  17:31  Refinery  
  115  17:36  Viking x2  
  119  17:48  Siege Tank  
  119  17:49  Widow Mine x2  
  126  17:52  Command Center  
  126  17:55  Marauder, Marine  
  126  17:56  Marine x3  
  126  17:57  Marine x2  
  134  18:02  Terran Infantry Armor Level 3, Terran Infantry Weapons Level 3  
  134  18:04  Starport  
  130  18:31  Battlecruiser  
  136  18:38  Weapon Refit  
  136  18:39  Starport  
  136  18:40  Viking x2  
  127  19:20  Starport Tech Lab  
  127  19:22  Viking x2  
  129  20:06  Command Center  
  129  20:07  Orbital Command  
  129  20:10  Viking  
  131  20:16  Viking  
  131  20:17  Marine  
  131  20:18  Marine x6  
  140  20:35  Marine  
  138  20:59  Viking x2  
  138  21:01  Factory Tech Lab  
  138  21:03  Battlecruiser  
  144  21:06  Battlecruiser  
  139  21:30  Starport Tech Lab, Refinery  
  139  21:33  Viking x2  
  139  21:34  Starport  
  143  21:40  Terran Ship Weapons Level 3  
  143  21:42  Command Center  
  143  22:05  Battlecruiser  
  149  22:09  Battlecruiser  
  149  22:10  Battlecruiser  
  149  22:11  Command Center  
  161  22:19  Viking  
  161  22:20  Viking  
  165  22:24  Refinery  
  165  22:38  Starport Tech Lab  
  143  23:14  Battlecruiser  
  144  23:37  Planetary Fortress  
  144  23:40  Refinery  
  144  24:05  Battlecruiser  
  144  24:06  Refinery  
  144  24:07  Marine x7  
  157  24:17  Terran Vehicle And Ship Armor Level 1  
  157  24:24  Marine  
  157  24:25  Marine x6  
  149  24:42  Marine  
  149  24:43  Marine x6  
  144  25:00  Marine  
  144  25:01  Marine x6  
  151  25:19  Marine  
  152  25:36  Refinery  
  152  25:40  Command Center  
  127  26:17  Terran Vehicle And Ship Armor Level 2  
  127  26:19  Marine  
  127  26:20  Marine x6  
  127  26:22  Battlecruiser  
  127  26:27  Command Center  
  127  26:37  Marine  
  127  26:38  Marine x6  
  127  26:55  Marine x6  
  127  26:56  Marine  
  127  27:13  Marine x7  
  127  27:31  Marine  
  127  28:10  Battlecruiser  
  127  28:11  Battlecruiser  
  127  28:12  Battlecruiser  
  127  28:19  Refinery  
  127  28:27  Refinery  
  127  28:59  Battlecruiser  
  127  29:10  Planetary Fortress  
  127  29:14  Planetary Fortress  
  127  30:07  Marine x2  
Show
View Real Time Build Order
Export as new Build Order

Trout Terran 

Build Orders:  

Get SALT Encoding   

  12  0:00  SCV  
  13  0:12  SCV  
  14  0:17  Supply Depot  
  14  0:24  SCV  
  15  0:38  SCV  
  15  0:40  Barracks  
  16  0:45  Refinery  
  16  0:51  SCV  
  17  1:03  SCV  
  18  1:15  SCV  
  19  1:28  Orbital Command  
  19  1:36  Barracks Reactor  
  19  1:43  Command Center  
  19  1:57  SCV  
  19  2:12  SCV, Marine x2  
  22  2:24  SCV  
  22  2:29  Barracks  
  23  2:30  Barracks  
  23  2:32  Refinery  
  23  2:37  Supply Depot  
  23  2:42  Marine  
  23  2:54  SCV, Marine  
  25  3:00  Marine  
  25  3:04  SCV  
  27  3:12  SCV, Marine  
  29  3:18  Marine, Barracks Tech Lab  
  29  3:33  Orbital Command  
  29  3:43  Marine x2  
  29  3:46  SCV, Supply Depot  
  29  3:48  Combat Shield  
  32  3:58  SCV  
  32  4:02  SCV, Factory  
  34  4:06  Marine x2  
  34  4:07  Barracks Tech Lab  
  36  4:10  SCV  
  38  4:17  SCV  
  38  4:22  Command Center  
  38  4:24  SCV  
  39  4:25  Supply Depot  
  39  4:29  Stimpack, SCV  
  40  4:32  Marine x2  
  40  4:33  Marauder  
  40  4:36  SCV  
  45  4:40  Marine  
  45  4:41  SCV  
  47  4:48  SCV, Supply Depot  
  47  4:51  Starport  
  47  4:52  Factory Reactor  
  48  4:53  SCV  
  48  4:56  Marine x2  
  51  5:00  SCV  
  51  5:05  Marine  
  53  5:07  Marine  
  53  5:08  SCV  
  55  5:16  Supply Depot  
  55  5:17  SCV  
  55  5:20  SCV  
  57  5:24  Marauder, Refinery  
  57  5:25  Marine, Refinery  
  57  5:26  Marine  
  57  5:28  Marine  
  62  5:29  SCV  
  62  5:33  SCV  
  64  5:40  Supply Depot  
  64  5:43  SCV  
  64  5:44  Factory Tech Lab  
  64  5:45  SCV  
  64  5:46  Orbital Command  
  66  5:50  Marine x2  
  66  5:51  Marauder x2  
  66  5:54  Medivac  
  66  5:55  SCV  
  75  5:57  Medivac  
  75  6:04  Siege Tank  
  80  6:07  SCV x2  
  80  6:08  Marine x2  
  84  6:19  SCV, Orbital Command  
  84  6:23  Marine  
  84  6:24  Marine  
  87  6:36  Siege Tank, Marine x2  
  87  6:38  SCV x2  
  94  6:42  Marine x2  
  96  6:50  SCV, Liberator  
  96  6:51  Liberator  
  96  6:54  Marine  
  92  7:03  Marine x3  
  95  7:12  Marine  
  96  7:20  SCV x2, Marine  
  96  7:21  Marine x2  
  101  7:58  SCV x3, Marine x2  
  101  7:59  Marauder  
  101  8:03  Medivac x2  
  101  8:04  Marine  
  97  8:10  SCV  
  94  8:16  Marine x2  
  94  8:19  Marine  
  96  8:22  Marine  
  96  8:23  SCV x3  
  96  8:24  Barracks x2  
  101  8:28  Barracks  
  101  8:29  Barracks  
  101  8:45  SCV x2, Marine x4, Supply Depot  
  107  8:54  SCV  
  108  8:58  SCV  
  109  9:06  Marine x4  
  109  9:07  Siege Tank, Supply Depot  
  113  9:24  Marine  
  113  9:28  Marine  
  113  9:29  Marine x3  
  113  9:30  Marauder x2  
  94  9:39  Siege Tank  
  94  9:45  Marine x2  
  97  9:46  Marine x2  
  97  9:50  Barracks Reactor x2  
  97  9:52  Marauder x2  
  105  9:53  Liberator x2  
  108  10:11  Siege Tank  
  108  10:13  Marauder x2  
  115  10:17  Factory  
  115  10:18  Marine x2  
  115  10:19  Barracks Tech Lab  
  118  10:25  Barracks Reactor  
  118  10:27  Marine  
  118  10:34  Marauder  
  118  10:35  Marauder  
  122  10:42  Marine x3  
  125  10:51  Siege Tank, SCV x3  
  125  10:52  Supply Depot  
  125  10:56  Marauder  
  133  11:01  Factory  
  133  11:04  Command Center  
  133  11:14  Marine x8  
  133  11:15  Supply Depot  
  141  11:36  SCV x3, Marine x2  
  141  11:38  Supply Depot  
  146  11:48  SCV  
  135  12:09  Marine x5  
  135  12:10  Marine x5  
  105  12:15  Marine  
  105  12:17  Siege Tank  
  105  12:18  Liberator x2  
  115  12:27  SCV x3, Marine x6  
  124  12:33  Marine x2  
  126  12:39  SCV x2  
  126  12:40  Engineering Bay  
  126  12:41  Factory Tech Lab  
  126  12:42  Factory Tech Lab  
  127  12:48  Marine x4  
  127  12:49  Siege Tank  
  127  13:00  Liberator  
  127  13:03  Marine x7  
  137  13:07  Engineering Bay  
  137  13:10  Refinery  
  137  13:13  Refinery  
  137  13:14  Marine x4  
  139  13:20  Marine  
  139  13:21  Marine  
  139  13:23  Marine x2  
  139  13:25  Medivac  
  145  13:32  Siege Tank  
  148  13:38  Siege Tank x2  
  148  13:39  SCV x3  
  157  13:42  Planetary Fortress  
  157  13:43  Medivac  
  159  13:51  SCV  
  161  13:55  SCV x2, Starport  
  161  13:59  Starport  
  162  14:03  SCV, Marine x4  
  162  14:04  Siege Tank, Starport  
  162  14:07  SCV  
  171  14:13  Marine  
  172  14:20  Marine x5  
  172  14:21  Supply Depot  
  177  14:33  Marine x3  
  177  14:34  Marine x3  
  177  14:35  SCV x2  
  177  14:36  SCV  
  177  14:38  Marine x2  
  186  14:42  Siege Tank, Marine x3  
  194  14:46  Starport Reactor x3  
  194  15:14  Marine x2  
  196  16:00  Marine x3  
  196  16:13  Marine  
  196  16:16  Marine x3  
  196  16:23  Marine  
  196  16:24  Marine  
  195  16:26  Marauder  
  195  16:28  Marauder  
  195  16:29  Marauder  
  195  16:30  Marine x2  
  195  16:32  Marine  
  196  16:35  Siege Tank  
  196  16:49  Marine  
  196  17:03  Marine x2  
  196  17:04  Marine  
  196  17:07  Marine x3  
  196  17:09  Marine x2  
  196  17:11  Siege Tank  
  194  17:20  Marine x2  
  194  17:21  Marine x3  
  196  18:14  Command Center  
  196  19:03  Marine x4  
  196  19:04  Marine x7  
  196  19:05  Siege Tank  
  196  19:06  Siege Tank x2  
  161  19:21  Marine x8  
  161  19:22  Marine x3  
  172  19:34  Medivac x2  
  172  19:35  Liberator x4  
  172  19:36  Liberator  
  172  19:37  Siege Tank  
  190  19:38  Siege Tank  
  190  19:39  Marine x7  
  185  20:00  Marine x3  
  188  20:39  Marine x4  
  192  20:44  Command Center, Refinery  
  183  20:56  Marine x2  
  168  20:58  Refinery  
  158  21:18  Marine x3  
  120  21:19  Marine  
  120  21:23  Marine  
  120  21:24  Marine x3  
  120  21:25  Barracks Reactor  
  125  21:34  Marine x2  
  125  21:36  SCV x2  
  125  21:38  Marine x2  
  125  21:39  Marine x2  
  133  21:40  Siege Tank x2  
  133  21:41  Siege Tank  
  133  21:42  Liberator x3  
  133  21:43  Medivac x3  
  157  21:48  Marine x2  
  157  21:49  Marine x2  
  157  21:53  Marauder x2  
  165  21:56  Marine x2  
  165  21:58  Terran Infantry Weapons Level 1  
  165  21:59  Terran Infantry Armor Level 1  
  167  22:09  Armory  
  167  22:12  Siege Tank, Marine  
  167  22:13  Siege Tank, Marine x4  
  178  22:18  Siege Tank  
  181  22:24  Marine x2  
  181  22:25  Marine  
  181  22:27  Liberator  
  187  22:44  Siege Tank  
  187  22:45  Siege Tank  
  187  22:50  Siege Tank  
  184  23:09  Marine  
  184  23:10  Marine x6  
  184  23:11  Marine x4  
  190  23:22  Marine  
  190  23:23  Siege Tank  
  168  23:27  Marine x2  
  168  23:28  Marine  
  163  23:35  Marine  
  163  23:36  Marine x4  
  168  23:44  Refinery  
  168  23:48  Refinery  
  168  23:54  Marine x7  
  168  23:55  Marine x5  
  180  24:03  Terran Vehicle Weapons Level 1  
  180  24:11  Marine x2  
  180  24:12  Marine x2  
  180  24:13  Marine x3  
  180  24:14  Siege Tank  
  170  24:41  Marine x2  
  170  24:42  Marine x6  
  170  24:43  Marine x2  
  155  24:48  Marine  
  155  24:49  Marine  
  149  24:59  Marine x4  
  145  25:00  Marine  
  145  25:01  Marine x3  
  145  25:06  Viking, Marine x2  
  145  25:07  Viking x4  
  163  25:17  Marine x4  
  163  25:18  Marine  
  163  25:19  Marine x3  
  159  25:35  Marine x3  
Tags
 
Add a new tag
Caveats
  • Supply blocks, unpowered buildings, or Contaminate may cause inaccurate times.
  • Supply counts are checked every 10 seconds.